 Dungeon Crawl Stone Soup version 0.25-a0-339-gb37b713d4c (webtiles) character file.

Game seed: 10731715810895971038, levelgen mode: deterministic

336 Gargoyl the Skirmisher (level 6, -4/53 HPs)
             Began as a Centaur Abyssal Knight on Dec 29, 2019.
             Was a Believer of Lugonu.
             Slain by a big kobold
             ... wielding a +1 dagger of distortion
              (5 damage)
             ... on level 3 of the Dungeon.
             The game lasted 00:03:48 (3648 turns).

Gargoyl the Skirmisher (Centaur Abyssal Knight)     Turns: 3648, Time: 00:03:49

Health: -4/53      AC:  9    Str: 16    XL:     6   Next: 28%
Magic:  8/8        EV: -3    Int: 11    God:    Lugonu [**....]
Gold:   168        SH:  9    Dex: 12    Spells: 5/5 levels left

rFire    + . .     SeeInvis .   m - +1 whip (venom)
rCold    x . .     Gourm    .   d - +1 shield (curse)
rNeg     + . .     Faith    .   u - +0 plate armour
rPois    .         Spirit   .   (no helmet)
rElec    .         Reflect  .   (no cloak)
rCorr    .         Harm     .   (no gloves)
MR       .....                  (no barding)
Stlth    ..........             b - amulet of magic regeneration
HPRegen  0.17/turn              g - ring "Uciarit" {Fire rN+ Dex+3}
MPRegen  0.36/turn              q - -4 ring of evasion (curse)

@: very quick
A: large, hooves 3, deformed body, speed 2, tough skin 3
a: Depart the Abyss, Bend Space, Renounce Religion


You were on level 3 of the Dungeon.
You worshipped Lugonu.
Lugonu was pleased with you.
You were hungry.

You visited 1 branch of the dungeon, and saw 3 of its levels.
You visited the Abyss 1 time.

You collected 168 gold pieces.

Inventory:

Hand Weapons
 a - a +1 hand axe
 m - a +1 whip of venom (weapon)
Armour
 d - a cursed +1 shield (worn)
 u - a +0 plate armour (worn)
Jewellery
 b - an amulet of magic regeneration (around neck)
 g - the ring "Uciarit" (left hand) {Fire rN+ Dex+3}
   (You found it on level 4 of the Abyss)

   [ring of fire]

   It enhances your fire magic.
   It affects your dexterity (+3).
   It protects you from fire.
   It makes you vulnerable to cold.
   It protects you from negative energy.
 q - a cursed -4 ring of evasion (right hand)
 r - an uncursed ring of positive energy {unknown}
Scrolls
 o - a scroll of identify
Potions
 e - 2 potions of brilliance
 h - 2 potions of flight {unknown}
 i - a potion of ambrosia {unknown}
 j - 2 potions of haste {unknown}
 k - 3 potions of mutation {unknown}
 l - a potion of invisibility {unknown}
 n - 2 potions of curing {unknown}
 p - a potion of heal wounds {unknown}
 s - a potion of agility {unknown}
 v - 2 potions of might {unknown}
Miscellaneous
 f - a sack of spiders
Comestibles
 c - 9 rations


   Skills:
 + Level 4.3 Fighting
 + Level 2.1(2.4) Axes
 + Level 1.4(2.1) Maces & Flails
 * Level 3.0 Armour
 + Level 1.0 Dodging
 * Level 1.4 Shields
 * Level 3.0 Invocations


You had 5 spell levels left.
You didn't know any spells.
Your spell library was empty.

Dungeon Overview and Level Annotations

Branches:
Dungeon (3/15)

Altars:
Hepliaklqana
Xom

Annotations:
D:3 iVAG's ghost, novice TeCj


Innate Abilities, Weirdness & Mutations

You have hooves in place of feet.
Armour fits poorly on your strangely shaped body.
You cover ground very quickly.
You have extremely tough skin. (AC +3)


Message History

You closely miss the big kobold.
You kick the big kobold, but do no damage.
The big kobold is heavily wounded.
The big kobold hits you with a +1 dagger of distortion.
You feel strangely unstable.
You closely miss the big kobold.
The big kobold is heavily wounded.
The big kobold hits you with a +1 dagger of distortion.
You feel strangely stable.
You hit the big kobold.
The big kobold looks as sick as possible!
The big kobold is heavily wounded.
The big kobold hits you but does no damage.
Space warps horribly around you!!
* * * LOW HITPOINT WARNING * * *
You closely miss the big kobold. You kick the big kobold.
The big kobold is almost dead.
The big kobold hits you but does no damage.
Space bends around you.
You die...

.......####.###..###..######..#
.......# #.###..........###..#
.......# #.#.....##.........##
.......# #.#.#..###..##.##.##
.#.##.##
#.#)#.......##.##)##### ......#
#......####.##........# #...###
###[#### #.#####.###.#
#...####### #.#######.#####.#
#.# #.........#
#.KK@<..........# #.#
#...#####.# #.K#####.....####
#.# ........#.###..#####.....#
#.† ..................)......#
#.. ........#..##..#.)##.....#
#.. #<..#####..##............#
#.. #((.(((<).K##.##..########
#.. #...######K.......# ##.
#...# #.......## #### #.


You could see 2 big kobolds and a kobold.

Vanquished Creatures
  4 crimson imps (D:3)
  Natasha (thrice) (D:3)
  An orc wizard (D:3)
  5 adders
  An ooze (D:1)
  An adder skeleton (D:3)
  A dart slug (D:3)
  2 leopard geckos
  5 orcs (D:3)
  A ball python (D:2)
  2 giant cockroaches
  3 hobgoblins
  2 quokkas (D:3)
  2 bats
  4 frilled lizards
  6 goblins (D:3)
  11 kobolds
  4 rats
58 creatures vanquished.

Vanquished Creatures (others)
  3 fungi (D:3)
  A plant (D:3)
4 creatures vanquished.

Grand Total: 62 creatures vanquished

Notes
Turn   | Place    | Note
-------+----------+-------------------------------------------
     0 | Abyss:1  | Gargoyl the Centaur Abyssal Knight began the quest for the
                  | Orb.
     0 | Abyss:1  | Reached XP level 1. HP: 19/19 MP: 2/2
   111 | Abyss:3  | Found a corrupted altar of Lugonu.
   118 | Abyss:3  | Noticed a spatial vortex
   122 | Abyss:3  | Noticed a spatial vortex
   123 | Abyss:3  | Noticed a spatial vortex
   135 | Abyss:4  | Got a crude golden ring
   136 | Abyss:4  | Noticed a thrashing horror
   136 | Abyss:4  | Noticed a thrashing horror
   137 | D:1      | Escaped the Abyss
   138 | D:1      | Identified the ring "Uciarit" {Fire rN+ Dex+3} (You found
                  | it on level 4 of the Abyss)
   411 | D:1      | Reached XP level 2. HP: 26/26 MP: 3/3
   825 | D:1      | Reached * piety under Lugonu
  1523 | D:2      | Reached XP level 3. HP: 22/31 MP: 4/4
  1712 | D:2      | You fall into a shaft and drop 1 floor!
  1886 | D:3      | Noticed Natasha
  1891 | D:3      | Killed Natasha
  1920 | D:3      | Found a runed translucent gate.
  1920 | D:3      | Found a runed translucent gate.
  1922 | D:3      | Found a runed translucent gate.
  1922 | D:3      | Identified the +5 short sword of Kybiobo {drain, MR+ Str+3
                  | Dex-3}
  1922 | D:3      | Noticed a big kobold
  1922 | D:3      | Noticed a big kobold
  1924 | D:3      | Noticed iVAG's ghost (novice TeCj)
  1959 | D:3      | Reached XP level 4. HP: 29/40 MP: 5/5
  2492 | D:3      | Reached skill level 1 in Shields
  2633 | D:3      | Found a shimmering altar of Xom.
  2649 | D:3      | Reached skill level 4 in Fighting
  2649 | D:3      | Reached XP level 5. HP: 46/46 MP: 6/6
  2657 | D:3      | Reached skill level 1 in Maces & Flails
  2657 | D:3      | Reached skill level 1 in Dodging
  2778 | D:3      | Noticed Natasha
  2788 | D:3      | Killed Natasha
  2922 | D:3      | Reached XP level 6. HP: 43/52 MP: 8/8
  2992 | D:3      | Reached ** piety under Lugonu
  3076 | D:3      | Found a hazy altar of Hepliaklqana.
  3407 | D:3      | Noticed Natasha
  3416 | D:3      | Killed Natasha
  3647 | D:3      | HP: 1/53 [big kobold/+1 dagger of distortion (23)]
  3648 | D:3      | Slain by a big kobold

Levels and vault maps discovered:
D:1:      dpeg_arrival_three_same_balls, layout_basic
D:2:      layout_loops_corners, serial_bayou, serial_bayou_pond_a,
          serial_bayou_pond_e, serial_bayou_pond_a, serial_bayou_shore_b
D:3:      layout_loops_cross, lemuel_doored_altar,
          gammafunk_ghost_nasty_kobolds, led_xom_imps, uniq_natasha

Skill      XL: |  1  2  3  4  5  6 |
---------------+-------------------+-----
Axes           | 2 |  2.1
Armour         | 2 3 |  3.0
Shields        | 1 |  1.4
Fighting       | 4 |  4.3
Maces & Flails | 1 |  1.4
Dodging        | 1 |  1.0
Invocations    | 3 |  3.0

Action                   |  1- 3 |  4- 6 || total
-------------------------+-------+-------++-------
Melee: Hand axe          |    31 |       ||    31
       Kick              |    10 |    21 ||    31
       Whip              |    46 |   103 ||   149
Invok: Depart the Abyss  |     1 |       ||     1
Evoke: Sack of spiders   |     1 |       ||     1
  Use: Scroll            |     3 |     2 ||     5
  Eat: Chunk             |     2 |     4 ||     6
Armor: Leather armour    |    21 |       ||    21
       Ring mail         |     9 |    27 ||    36
       Plate armour      |       |    35 ||    35
Dodge: Dodged            |    15 |     4 ||    19
Block: Shield            |    28 |    46 ||    74

Table legend:
 A = Non-vault XP
 B = Vault XP
 C = Vault XP percentage of total XP
 D = Non-vault monster count
 E = Vault monster count
 F = Vault count percentage of total count
                 A         B        C        D         E       F
            +---------+---------+-------+---------+---------+-------
      Total |     259 |     222 |  46.2 |      51 |       7 |  12.1
            +---------+---------+-------+---------+---------+-------
        D:1 |      24 |       0 |   0.0 |      13 |       0 |   0.0
        D:2 |      24 |       0 |   0.0 |       8 |       0 |   0.0
        D:3 |     211 |     222 |  51.3 |      30 |       7 |  18.9
            +---------+---------+-------+---------+---------+-------
